AoeStats
← 太阳当空照

Arena

509112377Analyzed
3v3 RM · 8d ago on Sep 25, 2026· 21m 26s· 6 players
Game mode
Random Map
Map size
Normal (6 player)
Population
200
Speed
Normal
Resources
Standard
Victory
Conquest
Starting age
Dark Age
Ending age
Imperial Age
RankedLock teamsTeams togetherTeam positionsShared explorationLock speedFull tech treeHidden civsTurbo modeCheats
Victory
Defeat
🇨🇳 Spanish · China
1245
+15
🇨🇳 Huns · China
1232
+16
🇨🇳 Franks · China
1231
+16
🇳🇱 Varangians · Netherlands
1264
-18
🇦🇷 Malay · Argentina
1217
-15
🇨🇳 Tatars · China
1193
-14
小虾米
10:58 Feudal Age
12:35 Loom
15:19 Castle Age
13:49 Double-Bit Axe
14:23 Horse Collar
16:36 Bow Saw
16:30 Padded Archer Armor
646257513
11:05 Feudal Age
16:11 Castle Age
14:08 Double-Bit Axe
14:43 Gold Mining
14:38 Horse Collar
15:09 Town Watch
15:11 Loom
16:21 Scale Barding Armor
太阳当空照
9:10 Loom
11:01 Feudal Age
15:17 Castle Age
13:41 Double-Bit Axe
20:12 Wheelbarrow
19:23 Loom
21:45 Hand Cart
RM123
10:32 Feudal Age
12:14 Loom
14:51 Castle Age
15:47 Double-Bit Axe
CrisTheOne
7:01 Loom
10:05 Feudal Age
10:34 Double-Bit Axe
18:32 Forging
18:17 Fletching
ouujkj
10:31 Feudal Age
14:59 Castle Age
12:51 Double-Bit Axe
15:00 Horse Collar
16:47 Bow Saw
18:35 Gold Mining
19:29 Loom
Connection lost

Rejoining the realm…

Still unreachable

The connection could not be restored.

Session expired

The server has moved on; the page needs a fresh start.